PL
GRAFTON MIDDIES @ PHOENIX HOTSPUR
09/15/2019
 
TOP OF THE 1ST
Grafton Middies batting - Pitching for Phoenix Hotspur : RHP Aki Tanaka
Pitching: RHP Aki Tanaka
Batting: RHB Raúl Robles 0-0: Ball
1-0: Ground out 5-3 (Groundball, 5L)
Batting: LHB Min-heui Im 0-0: Ball
1-0: Foul Ball, location: 2F
1-1: Swinging Strike
1-2: Ball
2-2: Foul Ball, location: 2F
2-2: Strikes out swinging
Batting: LHB Tony Dyer 0-0: Ball
1-0: Ball
2-0: Called Strike
2-1: Fly out, F5 (Popup, 25F)
Top of the 1st over - 0 run(s), 0 hit(s), 0 error(s), 0 left on base; Grafton 0 - Phoenix 0
BOTTOM OF THE 1ST
Phoenix Hotspur batting - Pitching for Grafton Middies : RHP Lúcio Sánchez
Pitching: RHP Lúcio Sánchez
Batting: RHB Phil Johnston 0-0: Fly out, F9 (Flyball, 89M)
Batting: RHB Manny Freitas 0-0: Swinging Strike
0-1: Fly out, F9 (Flyball, 89S)
Batting: RHB Donald Thompson 0-0: Foul Ball, location: 2F
0-1: Ball
1-1: Swinging Strike
1-2: Ball
2-2: Strikes out swinging
Bottom of the 1st over - 0 run(s), 0 hit(s), 0 error(s), 0 left on base; Grafton 0 - Phoenix 0
TOP OF THE 2ND
Grafton Middies batting - Pitching for Phoenix Hotspur : RHP Aki Tanaka
Batting: RHB Iván Vargas 0-0: Ground out 1-3 (Groundball, 15)
Batting: LHB Guillermo Romero 0-0: Ball
1-0: Ball
2-0: Called Strike
2-1: Foul Ball, location: 2F
2-2: Strikes out looking
Batting: RHB Brent Barlow 0-0: Foul Ball, location: 2F
0-1: SINGLE (Groundball, 5S) (infield hit)
Batting: RHB Justin Bingham 0-0: Ball
1-0: Ball
2-0: Ball
3-0: Base on Balls
Brent Barlow to second
Batting: SHB Andrew Baker 0-0: Ball
1-0: Foul Ball, location: 2F
1-1: Foul Ball, location: 2F
1-2: Ball
2-2: Foul Ball, location: 2F
2-2: Ball
3-2: SINGLE (Groundball, 6MD)
Brent Barlow to third
Justin Bingham to second
Brent Barlow scores
Justin Bingham to third
Batting: RHB Lúcio Sánchez 0-0: Called Strike
0-1: Swinging Strike
0-2: Ball
1-2: Ball
Wild Pitch!
Justin Bingham scores
Andrew Baker to second
2-2: Strikes out swinging
Top of the 2nd over - 2 run(s), 2 hit(s), 0 error(s), 1 left on base; Grafton 2 - Phoenix 0
BOTTOM OF THE 2ND
Phoenix Hotspur batting - Pitching for Grafton Middies : RHP Lúcio Sánchez
Batting: LHB Curt Webb 0-0: Ball
1-0: Ball
2-0: Foul Ball, location: 2F
2-1: Ground out 4-3 (Groundball, 4)
Batting: LHB Earl Ellis 0-0: Foul Ball, location: 2F
0-1: Ball
1-1: Ball
2-1: Ball
3-1: Foul Ball, location: 2F
3-2: Strikes out swinging
Batting: LHB Mike Pace 0-0: Ground out 6-3 (Groundball, 6M)
Bottom of the 2nd over - 0 run(s), 0 hit(s), 0 error(s), 0 left on base; Grafton 2 - Phoenix 0
TOP OF THE 3RD
Grafton Middies batting - Pitching for Phoenix Hotspur : RHP Aki Tanaka
Batting: RHB Raúl Robles 0-0: Ball
1-0: Fly out, F7 (Flyball, 7D)
Batting: LHB Min-heui Im 0-0: Ball
1-0: Ball
2-0: Ground out 4-3 (Groundball, 4M)
Batting: LHB Tony Dyer 0-0: Called Strike
0-1: Ball
1-1: Ball
2-1: DOUBLE (Line Drive, 7LD)
Batting: RHB Iván Vargas 0-0: Ball
1-0: Foul Ball, location: 2F
1-1: Foul Ball, location: 2F
1-2: Foul Ball, location: 2F
1-2: Ball
2-2: Fly out, F6 (Line Drive, 6M)
Top of the 3rd over - 0 run(s), 1 hit(s), 0 error(s), 1 left on base; Grafton 2 - Phoenix 0
BOTTOM OF THE 3RD
Phoenix Hotspur batting - Pitching for Grafton Middies : RHP Lúcio Sánchez
Batting: RHB Mike Lewis 0-0: Foul Ball, location: 2F
0-1: Ball
1-1: Foul Ball, location: 2F
1-2: Ball
2-2: SINGLE (Line Drive, 8LS)
Batting: LHB Aki Tanaka 0-0: Bunted foul
0-1: Sac Bunt - play at first, batter OUT! 1-4
Mike Lewis to second
Batting: LHB Ricardo Miranda 0-0: Ball
1-0: Called Strike
1-1: Ball
2-1: SINGLE (Flyball, 7S)
Mike Lewis to third
Batting: RHB Phil Johnston 0-0: Swinging Strike
0-1: Called Strike
0-2: Ball
1-2: Strikes out looking
Batting: RHB Manny Freitas 0-0: Fielders Choice at 2nd, U6 (Groundball, 6M)
Bottom of the 3rd over - 0 run(s), 2 hit(s), 0 error(s), 2 left on base; Grafton 2 - Phoenix 0
TOP OF THE 4TH
Grafton Middies batting - Pitching for Phoenix Hotspur : RHP Aki Tanaka
Batting: LHB Guillermo Romero 0-0: Foul Ball, location: 2F
0-1: Swinging Strike
0-2: Ball
1-2: Ground out 4-3 (Groundball, 4)
Batting: RHB Brent Barlow 0-0: Ball
1-0: Swinging Strike
1-1: SINGLE (Line Drive, 34D)
Batting: RHB Justin Bingham 0-0: Ball
1-0: Called Strike
1-1: Ball
2-1: Called Strike
2-2: Ball
3-2: Strikes out swinging
Batting: SHB Andrew Baker 0-0: SINGLE (Flyball, 9M)
Brent Barlow to second
Runner from 2nd tries for 3rd, SAFE, throw made to third
Batting: RHB Lúcio Sánchez 0-0: Called Strike
0-1: SINGLE (Line Drive, 4MD)
Brent Barlow scores
Andrew Baker to second
Batting: RHB Raúl Robles 0-0: Ball
1-0: Ball
2-0: Reached on Error, E8 (Flyball, 8RS)
Andrew Baker scores
Lúcio Sánchez to third
Batting: LHB Min-heui Im 0-0: Ball
1-0: Foul Ball, location: 2F
1-1: SINGLE (Groundball, 15S) (infield hit)
Lúcio Sánchez scores
Raúl Robles to third
Batting: LHB Tony Dyer 0-0: Ball
1-0: Foul Ball, location: 2F
1-1: Fly out, F6 (Popup, 4M)
Top of the 4th over - 3 run(s), 4 hit(s), 1 error(s), 2 left on base; Grafton 5 - Phoenix 0
BOTTOM OF THE 4TH
Phoenix Hotspur batting - Pitching for Grafton Middies : RHP Lúcio Sánchez
Batting: RHB Donald Thompson 0-0: Foul Ball, location: 2F
0-1: Ball
1-1: Ball
2-1: Ground out 1-3 (Groundball, 23)
Batting: LHB Curt Webb 0-0: Foul Ball, location: 2F
0-1: Foul Ball, location: 2F
0-2: Ball
1-2: Ball
2-2: Strikes out looking
Batting: LHB Earl Ellis 0-0: Foul Ball, location: 2F
0-1: Ball
1-1: Reached on Error, E8 (Flyball, 8RM)
Batting: LHB Mike Pace 0-0: Foul Ball, location: 2F
0-1: Ball
1-1: Swinging Strike
1-2: Strikes out swinging
Bottom of the 4th over - 0 run(s), 0 hit(s), 1 error(s), 1 left on base; Grafton 5 - Phoenix 0
TOP OF THE 5TH
Grafton Middies batting - Pitching for Phoenix Hotspur : RHP Aki Tanaka
Batting: RHB Iván Vargas 0-0: SINGLE (Groundball, 5L)
Batting: LHB Guillermo Romero 0-0: Ball
1-0: Swinging Strike
1-1: Foul Ball, location: 2F
1-2: Ball
2-2: Strikes out swinging
Batting: RHB Brent Barlow 0-0: Ball
1-0: Called Strike
1-1: Ball
2-1: Swinging Strike
2-2: Strikes out swinging
Batting: RHB Justin Bingham 0-0: Ball
1-0: SINGLE (Line Drive, 56)
Iván Vargas to second
Batting: SHB Andrew Baker 0-0: Ball
1-0: Ball
2-0: Called Strike
2-1: Foul Ball, location: 2F
2-2: Strikes out looking
Top of the 5th over - 0 run(s), 2 hit(s), 0 error(s), 2 left on base; Grafton 5 - Phoenix 0
BOTTOM OF THE 5TH
Phoenix Hotspur batting - Pitching for Grafton Middies : RHP Lúcio Sánchez
Batting: RHB Mike Lewis 0-0: Ball
1-0: Foul Ball, location: 2F
1-1: Ball
2-1: Ball
3-1: Base on Balls
Batting: LHB Aki Tanaka 0-0: Bunted foul
0-1: Bunted foul
0-2: Bunt missed, Strikeout!
Batting: LHB Ricardo Miranda 0-0: Ball
1-0: Foul Ball, location: 2F
1-1: Foul Ball, location: 2F
1-2: SINGLE (Groundball, 6MD) (infield hit)
Mike Lewis to second
Batting: RHB Phil Johnston 0-0: Grounds into double play, 6-4-3 (Groundball, 6D)
Bottom of the 5th over - 0 run(s), 1 hit(s), 0 error(s), 1 left on base; Grafton 5 - Phoenix 0
TOP OF THE 6TH
Grafton Middies batting - Pitching for Phoenix Hotspur : RHP Aki Tanaka
Batting: RHB Lúcio Sánchez 0-0: Ball
1-0: Called Strike
1-1: Ball
2-1: SINGLE (Line Drive, 89S)
Batting: RHB Raúl Robles 0-0: Called Strike
0-1: Ball
1-1: Grounds into double play, 4-6-3 (Groundball, 4)
Batting: LHB Min-heui Im 0-0: Foul Ball, location: 2F
0-1: Ball
1-1: Ball
2-1: Ball
3-1: Base on Balls
Pitching: LHP Ángelo Méndez
Batting: LHB Tony Dyer 0-0: SINGLE (Line Drive, 5D)
Min-heui Im to second
Batting: RHB Iván Vargas 0-0: Ball
1-0: Ball
2-0: Foul Ball, location: 2F
2-1: Called Strike
2-2: Ball
3-2: Strikes out swinging
Top of the 6th over - 0 run(s), 2 hit(s), 0 error(s), 2 left on base; Grafton 5 - Phoenix 0
BOTTOM OF THE 6TH
Phoenix Hotspur batting - Pitching for Grafton Middies : RHP Lúcio Sánchez
Batting: RHB Manny Freitas 0-0: Ball
1-0: Ball
2-0: Called Strike
2-1: Called Strike
2-2: Strikes out swinging
Batting: RHB Donald Thompson 0-0: Ball
1-0: Ball
2-0: Called Strike
2-1: Ball
3-1: Swinging Strike
3-2: Base on Balls
Batting: LHB Curt Webb 0-0: Foul Ball, location: 2F
0-1: SINGLE (Line Drive, 34D)
Donald Thompson to second
Batting: LHB Earl Ellis 0-0: Ground out 5-3 (Groundball, 15S)
Donald Thompson to third
Curt Webb to second
Batting: LHB Mike Pace 0-0: Ball
1-0: Swinging Strike
1-1: Ball
2-1: Ball
3-1: SINGLE (Groundball, 56D)
Donald Thompson scores
Curt Webb to third
Runner from 3rd tries for Home, SAFE, no throw or cutoff
Batting: RHB Mike Lewis 0-0: Ground out 5-3 (Groundball, 56)
Bottom of the 6th over - 2 run(s), 2 hit(s), 0 error(s), 1 left on base; Grafton 5 - Phoenix 2
TOP OF THE 7TH
Grafton Middies batting - Pitching for Phoenix Hotspur : LHP Ángelo Méndez
Batting: LHB Guillermo Romero 0-0: Foul Ball, location: 2F
0-1: Fly out, F7 (Flyball, 78D)
Batting: RHB Brent Barlow 0-0: Fly out, F4 (Line Drive, 4M)
Batting: RHB Justin Bingham 0-0: Ball
1-0: Ball
2-0: Called Strike
2-1: Ground out 6-3 (Groundball, 6S)
Top of the 7th over - 0 run(s), 0 hit(s), 0 error(s), 0 left on base; Grafton 5 - Phoenix 2
BOTTOM OF THE 7TH
Phoenix Hotspur batting - Pitching for Grafton Middies : RHP Lúcio Sánchez
Pinch Hitting: RHB Chriss Mann 0-0: Ground out 6-3 (Groundball, 6M)
Batting: LHB Ricardo Miranda 0-0: Ground out 1-3 (Groundball, 13)
Batting: RHB Phil Johnston 0-0: Called Strike
0-1: Swinging Strike
0-2: Strikes out swinging
Bottom of the 7th over - 0 run(s), 0 hit(s), 0 error(s), 0 left on base; Grafton 5 - Phoenix 2
TOP OF THE 8TH
Grafton Middies batting - Pitching for Phoenix Hotspur : LHP Ángelo Méndez
Pitching: RHP Feliks Mleczko
Batting: SHB Andrew Baker 0-0: Called Strike
0-1: Swinging Strike
0-2: Strikes out swinging
Batting: RHB Lúcio Sánchez 0-0: Called Strike
0-1: Ball
1-1: Called Strike
1-2: Ball
2-2: Foul Ball, location: 2F
2-2: Ball
3-2: Foul Ball, location: 2F
3-2: Ground out 6-3 (Groundball, 56)
Batting: RHB Raúl Robles 0-0: Ball
1-0: Ground out 4-3 (Groundball, 4)
Top of the 8th over - 0 run(s), 0 hit(s), 0 error(s), 0 left on base; Grafton 5 - Phoenix 2
BOTTOM OF THE 8TH
Phoenix Hotspur batting - Pitching for Grafton Middies : RHP Lúcio Sánchez
Now in RF: Brady Ferris
Batting: RHB Manny Freitas 0-0: Called Strike
0-1: Ball
1-1: Swinging Strike
1-2: SINGLE (Line Drive, 7S)
Batting: RHB Donald Thompson 0-0: Called Strike
0-1: Foul Ball, location: 2F
0-2: Ball
1-2: Grounds into double play, 4-6-3 (Groundball, 4M)
Batting: LHB Curt Webb 0-0: Called Strike
0-1: Foul Ball, location: 2F
0-2: Strikes out swinging
Bottom of the 8th over - 0 run(s), 1 hit(s), 0 error(s), 0 left on base; Grafton 5 - Phoenix 2
TOP OF THE 9TH
Grafton Middies batting - Pitching for Phoenix Hotspur : RHP Feliks Mleczko
Batting: LHB Min-heui Im 0-0: Ball
1-0: Ball
2-0: Foul Ball, location: 2F
2-1: Ball
3-1: Base on Balls
Batting: LHB Tony Dyer 0-0: Called Strike
0-1: Ball
1-1: Foul Ball, location: 2F
1-2: Foul Ball, location: 2F
1-2: Foul Ball, location: 2F
1-2: Ball
2-2: Foul Ball, location: 2F
2-2: Foul Ball, location: 2F
2-2: Ground out 4-3 (Groundball, 4MS)
Min-heui Im to second
Batting: RHB Iván Vargas 0-0: Ball
1-0: Ground out 6-3 (Groundball, 6MS)
Min-heui Im to third
Batting: LHB Guillermo Romero 0-0: Called Strike
0-1: Ball
1-1: Ground out 1-3 (Groundball, 2L)
Top of the 9th over - 0 run(s), 0 hit(s), 0 error(s), 1 left on base; Grafton 5 - Phoenix 2
BOTTOM OF THE 9TH
Phoenix Hotspur batting - Pitching for Grafton Middies : RHP Lúcio Sánchez
Batting: LHB Earl Ellis 0-0: Ball
1-0: Ball
2-0: Ball
3-0: Called Strike
3-1: Called Strike
3-2: SINGLE (Line Drive, 78S)
Pitching: RHP Frank Morse
Batting: LHB Mike Pace 0-0: Ball
1-0: Called Strike
1-1: Ball
2-1: Swinging Strike
2-2: Ball
3-2: SINGLE (Groundball, 34D)
Earl Ellis to second
Runner from 2nd tries for 3rd, SAFE, throw made to third
Batting: RHB Mike Lewis 0-0: Ball
1-0: Grounds into double play, 6-4-3 (Groundball, 6)
Earl Ellis scores
Pinch Hitting: RHB Raúl González 0-0: Foul Ball, location: 2F
0-1: SINGLE (Flyball, 9LS)
Batting: LHB Ricardo Miranda 0-0: Ball
1-0: Ball
2-0: Ground out U3 (Groundball, 3S)
Bottom of the 9th over - 1 run(s), 3 hit(s), 0 error(s), 1 left on base; Grafton 5 - Phoenix 3
This league is powered by Out of the Park Baseball, the baseball management simulation game for PC, Mac and Linux
Saturday, July 25th, 2015 - OOTP Baseball 15.6 Build 34